 Dungeon Crawl Stone Soup version 0.30-a0-1157-g2cc9ac7196 (webtiles) character file.

Game seed: 8611176225382870910

9 cforsyth the Caller (level 1, 0/14 HPs)
             Began as a Demigod Summoner on Apr 24, 2023.
             Slain by a jackal (1 damage)
             ... on level 1 of the Dungeon.
             The game lasted 00:00:30 (258 turns).

cforsyth the Caller (Demigod Summoner)               Turns: 258, Time: 00:00:30

Health: 0/14       AC:  2    Str:  9    XL:     1   Next: 86%
Magic:  4/5        EV: 12    Int: 17    God:
Gold:   0          SH:  0    Dex: 14    Spells: 3/4 levels left

rFire   . . .        (no weapon)
rCold   . . .        (no shield)
rNeg    . . .        a - +0 robe
rPois   .            (no helmet)
rElec   .            (no cloak)
rCorr   .            (no gloves)
SInv    .            (no boots)
Will    .....        (no amulet)
Stlth   ++           (no ring)
HPRegen 0.22/turn    (no ring)
MPRegen 0.09/turn

%: no passive effects
@: no status effects
A: high MP 1, forlorn, divine attributes
a: no special abilities


You were on level 1 of the Dungeon.
You visited 1 branch of the dungeon, and saw 1 of its levels.

Inventory:

Armour
 a - a +0 robe (worn)
Scrolls
 c - a scroll of identify {unknown}
 d - a scroll of vulnerability {unknown}
Potions
 b - a potion of magic


   Skills:
 - Level 1.7 Dodging
 - Level 1.7 Stealth
 + Level 2.1 Spellcasting
 + Level 3.8 Summonings


You had 3 spell levels left.
You knew the following spells:

 Your Spells              Type           Power      Damage    Failure   Level
a - Summon Small Mammal   Summ           56%        N/A       4%          1

Your spell library contained the following spells:

 Spells                   Type           Power      Damage    Failure   Level
 Call Imp                 Summ           28%        N/A       6%          2
 Call Canine Familiar     Summ           14%        N/A       12%         3
 Summon Guardian Golem    Hex/Summ       8%         N/A       26%         3
 Summon Lightning Spire   Summ/Air       8%         N/A       65%         4


Dungeon Overview and Level Annotations

Branches:
Dungeon (1/15)


Innate Abilities, Weirdness & Mutations

You have an increased reservoir of magic. (+10% MP)
You shall have no god before yourself.
Your divine heritage dramatically boosts your attributes as you level up.


Message History

The jackal is heavily wounded.
The jackal bites you but does no damage.
The jackal bites you.
The jackal bites you but does no damage.
Your quokka bites the jackal.
The jackal bites your quokka. The jackal bites you.
The jackal closely misses you.
You hit the jackal but do no damage.
The jackal is almost dead.
Your quokka barely misses the jackal.
The quokka twitches its whiskers.
The jackal barely misses you. The jackal closely misses you.
The jackal bites you.
You miss the jackal.
The jackal is almost dead.
Your quokka misses the jackal. The jackal bites you.
The jackal bites you but does no damage.
The jackal completely misses you.
Your quokka closely misses the jackal.
The jackal bites you. The jackal barely misses you. x2
The quokka barely misses you.
You are too injured to fight recklessly!
You are too injured to fight recklessly!
You are too injured to fight recklessly!
You are too injured to fight recklessly!
You are too injured to fight recklessly!
You are too injured to fight recklessly!
You are too injured to fight recklessly!
The jackal attacks as you move away! The jackal closely misses you.
The jackal attacks as you move away! The jackal bites you.
The jackal attacks as you move away! The jackal closely misses you.
The jackal barely misses your quokka.
Your quokka bites the jackal.
The jackal dies!
The quokka bites you.
* * * LOW HITPOINT WARNING * * *
The jackal bites your quokka but does no damage.
The quokka completely misses your quokka.
Your rat bites the quokka.
Okay, then.
Your quokka barely misses the quokka.
The quokka misses your quokka. The jackal bites you.
You die...

#......)>)......[.(..
#......#.....#.....†.
#...##.#.....#.####'#
#.. #.#.##..#.# #.. #
###.#.###...# ##.
#.......###.# #.
#.......# #... #.
#.......# #.## ##
#@h.$...# #.#
#.r.....##
#hrr.......
#...........
.............
...............
#..........[.....
#...............
######.........


You could see a quokka (ally target), 2 jackals, a friendly quokka (summoned)
and a friendly rat (summoned).

Vanquished Creatures (collateral kills)
  A goblin (D:1)
  2 hobgoblins (D:1)
  A jackal (D:1)
  A kobold (D:1)
  A quokka (D:1)
  A frilled lizard (D:1)
7 creatures vanquished.

Notes
Turn   | Place    | Note
-------+----------+-------------------------------------------
     0 | D:1      | cforsyth the Demigod Summoner began the quest for the Orb.
     0 | D:1      | Reached XP level 1. HP: 14/14 MP: 5/5
   258 | D:1      | Slain by a jackal

Illustrated notes

Levels and vault maps discovered:
D:1:      co_arrival_random_square_maze, layout_basic

Skill      XL: |  1 |
---------------+----+-----
Spellcasting   | 2 |  2.1
Dodging        | |  1.7
Stealth        | |  1.7
Summonings     | |  3.8

Action                     || total
---------------------------++-------
  Melee: Unarmed           ||    21
         Punch             ||     1
   Cast: Summon Small Mamm ||     8
 Armour: Robe              ||     4
  Dodge: Dodged            ||    26

Table legend: (Time is in decaauts)
 A = Elapsed time spent in this place.
 B = Non-inter-level travel time spent in this place.
 C = Inter-level travel time spent in this place.
 D = Time resting spent in this place.
 E = Time spent auto-exploring this place.
 F = Levels seen in this place.
 G = Mean time per level.
                   A        B        C        D        E       F      G
               +--------+--------+--------+--------+--------+-----+--------+
         Total |    258 |    258 |      0 |      0 |    198 |   1 |  258.0 |
       Dungeon |    258 |    258 |      0 |      0 |    198 |   1 |  258.0 |
               +--------+--------+--------+--------+--------+-----+--------+

Top non-repeatable levels by time:
     D:1: 258 daAuts
